 Dungeon Crawl Stone Soup version 0.31-a0-664-g902f515a81 (webtiles) character file.

Game seed: 11649057469228012535

883 GigaChad the Chopper (level 8, -3/61 HPs)
             Began as a Formicid Fighter on Sept 1, 2023.
             Slain by Crazy Yiuf
             ... wielding a +2 quarterstaff of chaos
              (4 damage)
             ... on level 5 of the Dungeon on Sept 3, 2023.
             The game lasted 00:06:54 (4376 turns).

GigaChad the Chopper (Formicid Fighter)             Turns: 4376, Time: 00:06:54

Health: -3/61      AC:  0    Str: 23    XL:     8   Next: 26%
Magic:  8/8        EV: 13    Int:  8    God:
Gold:   172        SH:  0    Dex: 13    Spells: 7/7 levels left

rFire   . . .        a - melded +0 war axe (drain)
rCold   . . .        c - melded +0 buckler
rNeg    . . .        n - melded +1 chain mail
rPois   .            (helmet unavailable)
rElec   .            (cloak currently unavailable)
rCorr   .            (gloves currently unavailable)
SInv    .            (boots currently unavailable)
Will    .....        (no amulet)
Stlth   +            f - melded +4 ring of protection
HPRegen 0.30/turn    j - melded +4 ring of slaying
MPRegen 0.11/turn

%: no passive effects
@: pig-form (expiring), very quick
A: fast, no casting, permanent stasis, dig shafts and tunnels, small, (antennae
3), four strong arms
a: no special abilities


You were on level 5 of the Dungeon.
You were a filthy swine.
You visited 2 branches of the dungeon, and saw 6 of its levels.

You collected 172 gold pieces.

Inventory:

Hand Weapons
 a - a +0 war axe of draining (melded)
Armour
 b - a +0 scale mail
 c - a +0 buckler (melded)
 n - a +1 chain mail (melded)
Jewellery
 f - a +4 ring of protection (melded)
 j - a +4 ring of slaying (melded)
 o - a ring of fire
Talismans
 u - a flux talisman
Wands
 i - a wand of charming (14)
Scrolls
 g - 3 scrolls of amnesia
 k - a scroll of brand weapon
 s - a scroll of identify
Potions
 d - a potion of might
 e - 2 potions of attraction {unknown}
 h - 4 potions of curing {unknown}
 l - a potion of invisibility {unknown}
 m - a potion of brilliance {unknown}
 p - a potion of heal wounds {unknown}
 q - a potion of lignification {unknown}
 r - a potion of enlightenment {unknown}
 t - a potion of degeneration {unknown}


   Skills:
 * Level 4.9 Fighting
 * Level 6.4 Axes
 * Level 5.8 Armour
 * Level 5.6 Shields


You had 7 spell levels left.
You didn't know any spells.
Your spell library contained the following spells:

 Spells                   Type           Power      Damage    Failure   Level
 Apportation              Tloc           0%         N/A       41%         1
 Necrotise                Necr           0%         1d4       41%         1
 Cigotuvi's Dreadful Rot  Necr/Pois/Air  0%         N/A       54%         2
 Lesser Beckoning         Tloc           0%         N/A       54%         2
 Dazzling Flash           Conj/Hex       0%         N/A       78%         3
 Gell's Gravitas          Tloc           0%         N/A       78%         3
 Ignite Poison            Fire/Tmut/Pois 0%         N/A       78%         3
 Teleport Other           Tloc           0%         N/A       78%         3
 Vampiric Draining        Necr           0%         2d6       78%         3
 Volatile Blastmotes      Fire/Tloc      0%         2d10      78%         3
 Animate Dead             Necr           0%         N/A       99%         4
 Fulminant Prism          Conj/Hex       0%         3d5       99%         4
 Iskenderun's Mystic Bla  Conj/Tloc      0%         2d3       99%         4
 Agony                    Necr           0%         N/A       100%        5
 Alistair's Intoxication  Tmut/Pois      0%         N/A       100%        5
 Freezing Cloud           Conj/Ice/Air   0%         6-21      100%        5
 Starburst                Conj/Fire      0%         6d3       100%        6
 Haunt                    Necr/Summ      0%         N/A       100%        7
 Infestation              Necr           0%         N/A       100%        8
 Maxwell's Capacitive Co  Air            0%         ∞         100%        8


Dungeon Overview and Level Annotations

Branches:
Dungeon (5/15)             Temple (1/1) D:5

Altars:
Dithmenos
Elyvilon
Hepliaklqana
Makhleb
Nemelex Xobeh
Qazlal
Ru
Sif Muna
Trog
Uskayaw
Vehumet
Wu Jian
Yredelemnul
Zin
The Shining One

Annotations:
D:5 Crazy Yiuf


Innate Abilities, Weirdness & Mutations

You are a filthy swine.
You move quickly.
Your equipment is almost entirely melded.
You are incapable of wielding weapons or throwing items.
You cannot cast spells.
You cannot be hasted, slowed, berserked, paralysed or teleported.
You can dig through walls and to a lower floor.
((You have a pair of large antennae on your head. (SInv)))
Your four strong arms can wield two-handed weapons with a shield.


Message History

Crazy Yiuf is heavily wounded.
Crazy Yiuf closely misses you.
Unknown command.
You hit Crazy Yiuf.
Crazy Yiuf is heavily wounded.
Crazy Yiuf completely misses you.
Unknown command.
You hit Crazy Yiuf but do no damage.
Crazy Yiuf is heavily wounded.
Crazy Yiuf misses you.
Unknown command.
You hit Crazy Yiuf.
Crazy Yiuf is heavily wounded.
Crazy Yiuf hits you with a +2 quarterstaff of chaos!
Unknown command.
You hit Crazy Yiuf.
Crazy Yiuf is severely wounded.
Your transformation is almost over.
Crazy Yiuf closely misses you.
Unknown command.
Unknown command.
You barely miss Crazy Yiuf.
Crazy Yiuf is severely wounded.
Unknown command.
You hit Crazy Yiuf.
Crazy Yiuf is almost dead.
Crazy Yiuf hits you with a +2 quarterstaff of chaos!
* * * LOW HITPOINT WARNING * * *
Crazy Yiuf draws strength from your wounds!
Unknown command.
You hit Crazy Yiuf but do no damage.
Crazy Yiuf is heavily wounded.
Crazy Yiuf misses you.
Unknown command.
You hit Crazy Yiuf.
Crazy Yiuf is almost dead.
Crazy Yiuf hits you with a +2 quarterstaff of chaos!
* * * LOW HITPOINT WARNING * * *
Crazy Yiuf burns you.
You die...

#########
#.####.#..^....
#.......#
######.#.##....
#.......#
#.#.#.##.#.>
#..####.# #####
#.#.#.##....
#.....#.# #..)#
#.#.#.......
##.##.#.# #...#
#...########
#.##.#.# ...
#......# #
#......# #g#
#.####.# #
####)### ♣♣h♣
#....#.#####
#.# ♣.♣♣
####.#......
###.### ♣♣.♣
#........
#.....# ♣.♣♣
####.#......
#.#.### ♣♣.♣♣
#>.....#####
###.#.# ♣.P.♣♣
##...### #.
#.....# ♣..PP♣
##.### #.
#.#.#####
#....# #..# #.
####.#.....#
#....# ##.# ##


You could see Crazy Yiuf.

Vanquished Creatures
  A water moccasin (D:4)
  2 ogres
  A phantom (D:5)
  5 scorpions
  A jelly (D:5)
  An orc priest (D:5)
  An iguana (D:5)
  10 adders
  An ufetubus (D:5)
  A worm (D:2)
  10 orcs
  5 bats
  7 endoplasms
  A giant cockroach (D:1)
  8 goblins
  5 hobgoblins
  2 jackals (D:4)
  2 quokkas
  8 ball pythons
  A frilled lizard (D:3)
  9 kobolds
  4 rats
86 creatures vanquished.

Notes
Turn   | Place    | Note
-------+----------+-------------------------------------------
     0 | D:1      | GigaChad the Formicid Fighter began the quest for the Orb.
     0 | D:1      | Reached XP level 1. HP: 18/18 MP: 1/1
   123 | D:1      | Reached XP level 2. HP: 24/24 MP: 2/2
   486 | D:1      | Reached XP level 3. HP: 26/29 MP: 3/3
   616 | D:1      | Found a faded altar of an unknown god.
  1002 | D:2      | Upgraded the game from 0.31-a0-662-g684573625c to
                  | 0.31-a0-664-g902f515a81
  1015 | D:2      | Reached XP level 4. HP: 35/37 MP: 4/4
  1340 | D:2      | Reached skill level 3 in Axes
  1492 | D:3      | Found a shimmering blue altar of Sif Muna.
  1830 | D:3      | Reached XP level 5. HP: 42/42 MP: 5/5
  2648 | D:4      | Reached skill level 4 in Axes
  2815 | D:4      | Noticed a water moccasin
  2820 | D:4      | Killed a water moccasin
  2821 | D:4      | Reached skill level 5 in Shields
  2821 | D:4      | Reached XP level 6. HP: 45/48 MP: 6/6
  2868 | D:4      | Found a radiant altar of Vehumet.
  3186 | D:4      | Found a sacrificial altar of Ru.
  3257 | D:4      | Noticed an ogre
  3267 | D:4      | Killed an ogre
  3268 | D:4      | Reached skill level 5 in Axes
  3268 | D:4      | Reached XP level 7. HP: 16/55 MP: 7/7
  3510 | D:5      | Entered Level 5 of the Dungeon
  3517 | D:5      | Reached skill level 5 in Armour
  3768 | D:5      | Found a staircase to the Ecumenical Temple.
  3774 | D:5      | Reached skill level 6 in Axes
  3774 | D:5      | Reached XP level 8. HP: 61/61 MP: 8/8
  3793 | Temple   | Entered the Ecumenical Temple
  4005 | D:5      | Identified the +1 robe of Tyry {Rampage Dex+5 SInv}
  4151 | D:5      | Found a hazy altar of Hepliaklqana.
  4348 | D:5      | Found a runed translucent door.
  4349 | D:5      | Noticed Crazy Yiuf
  4376 | D:5      | HP: 1/61 [Crazy Yiuf/+2 quarterstaff of chaos (14)]
  4376 | D:5      | Slain by Crazy Yiuf

Illustrated notes

Levels and vault maps discovered:
D:1:      reono_arrival_mine, layout_basic, ebering_ecumenical_altar_rust,
          minivault_14
D:2:      layout_loops_ring
D:3:      layout_basic, nicolae_overflow_hidden_temple,
          kennysheep_generic_room_7
D:4:      layout_basic, mainiacjoe_overflow_alcove_4, kennysheep_mini
D:5:      layout_loops_cross, nicolae_overflow_crystal_walls,
          minmay_temple_entry_glass, uniq_crazy_yiuf_cottage
Temple:   chequers_temple_sunken

Skill      XL: |  1  2  3  4  5  6  7 |
---------------+----------------------+-----
Armour         | 4 5 |  5.8
Axes           | 3 4 5 6 |  6.4
Fighting       | 4 |  4.9
Shields        | 5 |  5.6

Action                     |  1- 3 |  4- 6 |  7- 9 || total
---------------------------+-------+-------+-------++-------
  Melee: War axe           |    80 |   123 |    45 ||   248
         Unarmed           |       |       |    17 ||    17
    Use: Scroll            |       |       |     7 ||     7
 Armour: Scale mail        |    58 |    34 |       ||    92
         Chain mail        |       |    54 |    33 ||    87
         Skin              |       |       |     7 ||     7
  Dodge: Dodged            |    38 |    48 |    18 ||   104
  Block: Buckler           |    15 |    24 |    11 ||    50

Table legend: (Time is in decaauts)
 A = Elapsed time spent in this place.
 B = Non-inter-level travel time spent in this place.
 C = Inter-level travel time spent in this place.
 D = Time resting spent in this place.
 E = Time spent auto-exploring this place.
 F = Levels seen in this place.
 G = Mean time per level.
                   A        B        C        D        E       F      G
               +--------+--------+--------+--------+--------+-----+--------+
         Total |   4482 |   4411 |     71 |     42 |   3475 |   6 |  747.0 |
       Dungeon |   4357 |   4286 |     71 |     42 |   3475 |   5 |  871.4 |
        Temple |    125 |    125 |      0 |      0 |      0 |   1 |  125.0 |
               +--------+--------+--------+--------+--------+-----+--------+

Top non-repeatable levels by time:
     D:4: 1133 daAuts
     D:3: 915 daAuts
     D:1: 829 daAuts
     D:5: 772 daAuts
     D:2: 707 daAuts
  Temple: 125 daAuts
